 Dungeon Crawl Stone Soup version 0.31.0-32-g396128a36d (webtiles) character file.

Game seed: 5464903227889406192

351 booth the Chopper (level 6, -2/48 HPs)
             Began as a Demonspawn Gladiator on Apr 16, 2024.
             Was an Initiate of Wu Jian.
             Slain by Edmund
             ... wielding a +0 dire flail of protection
              (5 damage)
             ... on level 4 of the Dungeon.
             The game lasted 00:14:51 (3807 turns).

booth the Chopper (Demonspawn Gladiator)            Turns: 3807, Time: 00:14:52

Health: -2/48      AC:  6    Str: 11 (14) XL:     6   Next: 34%
Magic:  6/6        EV: 12    Int: 10 (11) God:    Wu Jian [......]
Gold:   138        SH:  4    Dex: 13 (14) Spells: 5/5 levels left

rFire   . . .        a - +0 war axe
rCold   + . .        (no shield)
rNeg    . . .        b - +2 leather armour
rPois   .            c - +0 helmet
rElec   .            (no cloak)
rCorr   +            (no gloves)
SInv    .            (no boots)
Will    +....        (no amulet)
Stlth   +            l - ring of protection from cold
HPRegen 0.28/turn    t - ring of resist corrosion
MPRegen 0.10/turn

%: no passive effects
@: enlightened, flying
A: large bone plates 1, powered by pain 1, weakness stinger 1
a: Renounce Religion


You were on level 4 of the Dungeon.
You worshipped Wu Jian.
Wu Jian was noncommittal.
You visited 2 branches of the dungeon, and saw 5 of its levels.

You collected 138 gold pieces.

Inventory:

Hand Weapons
 a - a +0 war axe (weapon)
Missiles
 d - a throwing net
 e - a javelin
Armour
 b - a +2 leather armour (worn)
 c - a +0 helmet (worn)
 r - a +0 chain mail
Jewellery
 l - a ring of protection from cold (left hand)
 t - a ring of resist corrosion (right hand)
Wands
 q - a wand of polymorph (11)
Scrolls
 f - a scroll of immolation {unknown}
 g - a scroll of revelation {unknown}
 j - a scroll of brand weapon {unknown}
 m - 2 scrolls of teleportation {unknown}
 u - 2 scrolls of fear
 v - a scroll of butterflies {unknown}
 w - a scroll of blinking {unknown}
 x - a scroll of vulnerability {unknown}
 y - a scroll of fog
Potions
 h - a potion of lignification
 i - a potion of cancellation
 n - a potion of resistance
 o - a potion of magic {unknown}


   Skills:
 + Level 4.2 Fighting
 * Level 5.5 Axes
 - Level 1.7 Throwing
 - Level 2.6 Dodging


You had 5 spell levels left.
You didn't know any spells.
Your spell library was empty.

Dungeon Overview and Level Annotations

Branches:
Dungeon (4/15)             Temple (1/1) D:4

Altars:
Ashenzari
Dithmenos
Gozag
Hepliaklqana
Kikubaaqudgha
Makhleb
Nemelex Xobeh
Okawaru
Qazlal
Ru
Sif Muna
Trog
Vehumet
Wu Jian
Xom
Yredelemnul

Shops:
D:1 *

Annotations:
D:4 Edmund


Innate Abilities, Weirdness & Mutations

You are partially covered in large bone plates. (SH +4)
You sometimes gain a little power by taking damage.
You have a small tail.


Message History

Edmund barely misses you.
You hit Edmund but do no damage.
Edmund is moderately wounded.
Edmund misses you.
You barely miss Edmund.
Edmund is heavily wounded.
Edmund hits you with a +0 dire flail of protection!
Edmund attacks as he pursues you!
Edmund hits you with a +0 dire flail of protection.
You hit Edmund.
Edmund is heavily wounded.
Edmund hits you with a +0 dire flail of protection!
* * * LOW HITPOINT WARNING * * *
Edmund closely misses you.
You completely miss Edmund.
Edmund is heavily wounded.
Edmund hits you with a +0 dire flail of protection!
* * * LOW HITPOINT WARNING * * *
It was a potion of enlightenment.
You feel very buoyant.
You fly up into the air.
Edmund barely misses you.
It was a potion of degeneration.
There was something very wrong with that liquid.
You feel weakened.
You feel dopey.
You feel clumsy. Edmund misses you.
You hit Edmund.
Edmund is severely wounded.
You block Edmund's attack.
You barely miss Edmund.
Your tail-slap misses Edmund.
Edmund is severely wounded.
Edmund hits you with a +0 dire flail of protection.
* * * LOW HITPOINT WARNING * * *
You hit Edmund but do no damage.
Edmund is severely wounded.
Edmund completely misses you. Edmund barely misses you.
You hit Edmund. You tail-slap Edmund, but do no damage.
Edmund is severely wounded.
Edmund hits you with a +0 dire flail of protection.
You die...
Edmund whines, "They better pay attention to me now!"

... ..#.#.##.#..#...##.#.#.
###.##.#.#.##.#.##...##.#.#. .
......#......#.##...##.#.#.
....##.##.###.##.#.##...##...#.
...............#.#.##...##..##.
###.#..##.######.#.##.......##.
#.. #..........####..#.###.
#..#######.#.#.# #..#.# ##
#(..(((..@@#.#.# #..#.#
#.##########.# #..#.# #. #..#.#
#. ##### #....#
##PPP#####.#######
#P...P#...........
#P.>..'.##.#######
#P...P####........
##PPP#############


You could see Edmund (poisoned).

Vanquished Creatures
  Menkaure (D:4)
  A phantom (D:4)
  An orc priest (D:3)
  An orc wizard (D:4)
  A hound skeleton (D:3)
  2 adders (D:3)
  An adder skeleton (D:3)
  A dart slug (D:1)
  2 ribbon worms
  5 orcs (D:4)
  7 endoplasms
  4 giant cockroaches
  6 goblins
  5 hobgoblins
  2 jackals (D:2)
  A quokka (D:1)
  8 ball pythons
  4 bats
  4 frilled lizards
  4 kobolds
  5 rats
66 creatures vanquished.

Notes
Turn   | Place    | Note
-------+----------+-------------------------------------------
     0 | D:1      | booth the Demonspawn Gladiator began the quest for the Orb.
     0 | D:1      | Reached XP level 1. HP: 16/16 MP: 1/1
    64 | D:1      | Reached skill level 3 in Axes
   186 | D:1      | Gained mutation: You are partially covered in large bone
                  | plates. (SH +4) [demonic ancestry]
   186 | D:1      | Reached XP level 2. HP: 22/22 MP: 2/2
   309 | D:1      | Found Athrem's General Store.
   528 | D:1      | Found a faded altar of an unknown god.
   941 | D:2      | Found a stormy altar of Qazlal.
  1104 | D:2      | Reached XP level 3. HP: 25/28 MP: 3/3
  2210 | D:3      | Reached skill level 4 in Axes
  2210 | D:3      | Gained mutation: You sometimes gain a little power by
                  | taking damage. [demonic ancestry]
  2210 | D:3      | Reached XP level 4. HP: 34/34 MP: 4/4
  3046 | D:4      | Gained mutation: You have a small tail. [demonic ancestry]
  3046 | D:4      | Reached XP level 5. HP: 17/41 MP: 5/5
  3217 | D:4      | Noticed Menkaure
  3240 | D:4      | Killed Menkaure
  3241 | D:4      | Reached skill level 5 in Axes
  3241 | D:4      | Reached XP level 6. HP: 17/48 MP: 6/6
  3689 | D:4      | Found a staircase to the Ecumenical Temple.
  3695 | Temple   | Entered the Ecumenical Temple
  3711 | Temple   | Became a worshipper of the Wu Jian Council
  3771 | D:4      | Noticed Edmund
  3805 | D:4      | HP: 2/48 [Edmund/+0 dire flail of protection (4)]
  3807 | D:4      | Slain by Edmund

Illustrated notes

Levels and vault maps discovered:
D:1:      erik_arrival_cave_to_civilisation [erik_arrival_cave_to_hall],
          layout_loops_ring, serial_shops, shop, basic_ecumenical_altar,
          chequers_serial_rivers_micro_e
D:2:      layout_basic, basic_altar, serial_co_window_serial, co_window_paths_a,
          co_window_corner_a, co_window_paths_a, co_window_paths_a,
          co_window_of_opportunity_a, co_window_corner_a, co_window_corner_a,
          co_window_corner_a, co_window_paths_b, co_window_of_opportunity_b,
          co_window_corner_b, co_window_of_opportunity_c, co_window_sun,
          co_window_4corner_b, glass_columns_b, glass_columns_c
D:3:      layout_basic, serial_undead, serial_undead_f, serial_undead_f,
          serial_undead_b, serial_undead_a, minmay_vboxes
D:4:      layout_basic, minmay_temple_entry_enclosed_plants,
          kennysheep_generic_room_16, uniq_menkaure, uniq_edmund
Temple:   regret_index_temple_sphere_string

Skill      XL: |  1  2  3  4  5 |
---------------+----------------+-----
Axes           | 3 4 5 |  5.5
Fighting       | 3 4 |  4.2
Throwing       | |  1.7
Dodging        | |  2.6

Action                     |  1- 3 |  4- 6 || total
---------------------------+-------+-------++-------
  Melee: War axe           |   125 |   109 ||   234
         Tailslap          |       |     7 ||     7
  Throw: Dart              |       |    12 ||    12
         Throwing net      |       |     3 ||     3
         Javelin           |       |     2 ||     2
    Use: Scroll            |     4 |     5 ||     9
         Potion            |       |     2 ||     2
 Armour: Leather armour    |    74 |    69 ||   143
  Dodge: Dodged            |    74 |    47 ||   121
  Block: Other             |    16 |    15 ||    31
